codehero, neutral female human Valkyrie ---- ---------..--- |.`.`......%`--- |.......|......| ---------|..%...| |).`..%^<|....%.| |..--------%----- --....).[|.....| |..|..%.......| ---|....|.....| ------------ codehero the Skirmisher Experience level: 5 Strength: 17 Dexterity: 11 Constitution: 18 Intelligence: 11 Wisdom: 8 Charisma: 9 Health: 15(15) Energy: 13(13) Def: 4 Gold: 320 Moves: 2675 Dungeon seed: AVoWZh-sVBFdf7HI Game ID: codehero_1434597122 Your Inventory: Coins $ - 320 gold pieces Amulets j - an uncursed amulet of reflection Weapons a - 3 +2 spears (in quiver) w - a +0 spear Armor r - an uncursed -1 pair of fumble boots y - a cursed -1 oilskin cloak z - a cursed -2 pair of speed boots Comestibles c - 2 uncursed food rations h - an uncursed candy bar Scrolls i - an uncursed scroll of remove curse l - 2 uncursed scrolls of scare monster t - an uncursed scroll of teleportation u - a cursed scroll of amnesia C - a cursed scroll of earth D - an uncursed scroll of earth Spellbooks A - an uncursed spellbook of teleport away Potions m - 2 uncursed potions of healing s - a blessed potion of gain ability v - an uncursed potion of booze Rings p - an uncursed ring of see invisible (on left foreclaw) B - an uncursed ring of free action (on right foreclaw) Wands f - a wand of cold (0:7) k - a wand of undead turning (0:4) E - a wand of sleep (0:7) Tools d - an uncursed oil lamp (0:1086) Gems q - 6 uncursed rocks Spells known in the end: Name Level Category Fail Memory Your skills at the end: Fighting Skills Weapon Skills dagger [Basic] spear [Basic] Spellcasting Skills Final Attributes: You were fervently aligned. You were cold resistant. You were poison resistant. You were level-drain resistant. You saw invisible. You were stealthy. You regenerated. You were a wererat. You were in beast form. You had free action. You are dead. Vanquished creatures: an imp a shrieker a golden naga hatchling an elf zombie a giant ant a dwarf a kobold shaman 2 rabid rats a giant bat 4 dwarf zombies 2 wererats an iguana 2 acid blobs 2 coyotes a large kobold a giant rat a brown mold a yellow mold a green mold 6 manes a gecko 2 jackals a fox 2 kobolds 3 goblins 6 sewer rats 5 grid bugs a bat 3 lichens 5 kobold zombies 3 newts 64 creatures vanquished. Voluntary challenges: You followed a strict vegan diet. You were an atheist. You used a wielded weapon 62 times, starting on turn 79. You read items or engraved 3 times, starting on turn 350. You never genocided any monsters. You never polymorphed an object. You changed form 2 times, starting on turn 2214. You used no wishes. You never split a pudding. You wrote Elbereth's name 2 times, starting on turn 397. You violated your moral code, losing 2 points of alignment, starting on turn 1058. Dungeon overview: The Dungeons of Doom: levels 1 to 7 Level 1 a fountain a long staircase Level 2 a general store Level 3 a fountain, a sink a long staircase Level 4 an armor shop, a fountain Level 5 many fountains Level 6 a fountain stairs to Sokoban Level 7 Sokoban: Level 5 <- You were here stairs to The Dungeons of Doom History has recorded: On T:1 you entered the Dungeons of Doom to retrieve the Amulet of Yendor! On T:107 you reached level 2 of The Dungeons of Doom. On T:500 you reached level 3 of The Dungeons of Doom. On T:868 you reached level 4 of The Dungeons of Doom. On T:870 you advanced to experience level 2. On T:1224 you advanced to experience level 3. On T:1321 you reached level 5 of The Dungeons of Doom. On T:1447 you advanced to experience level 4. On T:1600 you received advice from The Oracle. On T:1666 you reached level 6 of The Dungeons of Doom. On T:1727 you reached level 7 of The Dungeons of Doom. On T:1794 you reached level 4 of Sokoban. On T:2065 you advanced to experience level 5. Score breakdown: Gold: 320 ( 8526 points) Experience: 5 levels (11141 points) Exploration: 7 levels ( 14.29%) (10606 points) Discoveries: 4 items ( 1.63%) ( 3833 points) Valuables value: (no points given unless you survive) Artifact value: 0 ( 0 points) Variety of kills: 31 monsters ( 8.18%) ( 8579 points) Time penalty: 2675 turns ( -430 points) Survival: died (score multiplied by 80%) Total score: 33804 Latest messages: The wererat hits the kitten. You faint from lack of food. You die from starvation. Final status: Farvel codehero the Valkyrie, died of starvation, while fainted from lack of food... You starved in Sokoban on dungeon level 5 with 33804 points, and 320 pieces of gold, after 2675 moves. You were level 5 with a maximum of 54 hit points when you starved.